 Dungeon Crawl Stone Soup version 0.19.0 (webtiles) character file.

63 Dipster the Magician (level 3, 0/21 HPs)
             Began as a Deep Elf Warper on Nov 6, 2016.
             Slain by a gnoll
             ... wielding a +0 spear
              (8 damage)
             ... on level 2 of the Dungeon.
             The game lasted 00:07:22 (1805 turns).

Dipster the Magician (Deep Elf Warper)              Turns: 1805, Time: 00:07:23

Health: 0/21       AC:  5    Str:  8    XL:     3   Next: 89%
Magic:  5/10       EV: 10    Int: 18    God:
Gold:   48         SH:  0    Dex: 14    Spells: 4 memorised, 0 levels left

rFire  . . .     SeeInvis .     l - +0 dagger (freeze)
rCold  . . .     Gourm    .     h - +0 ring mail
rNeg   . . .     Faith    .     (no shield)
rPois  .         Spirit   .     (no helmet)
rElec  .         Reflect  .     (no cloak)
rCorr  .         Harm     .     (no gloves)
MR     .....                    (no boots)
Stlth  +.........               (no amulet)
                                (no ring)
                                (no ring)

@: no status effects
A: no striking features
a: no special abilities


You were on level 2 of the Dungeon.
You were very hungry.

You visited 1 branch of the dungeon, and saw 2 of its levels.

You collected 48 gold pieces.

Inventory:

Hand Weapons
 a - a +0 short sword
 l - a +0 dagger of freezing (weapon)
Missiles
 e - 5 tomahawks of dispersal (quivered)
 g - 80 stones
 p - 6 tomahawks
Armour
 b - a +0 leather armour
 h - a +0 ring mail (worn)
Scrolls
 d - a scroll of blinking
 i - a scroll of identify {unknown}
 j - a scroll of teleportation {unknown}
 m - a scroll of remove curse {unknown}
 n - 2 scrolls of amnesia {unknown}
 o - a scroll of noise {unknown}
 q - a scroll of immolation {unknown}
Potions
 r - a potion of cure mutation {unknown}
Books
 c - a book of Spatial Translocations

   Spells                             Type                      Level
   a - Blink                          Translocation                2
   b - Shroud of Golubria             Charms/Translocation         2
   c - Lesser Beckoning               Translocation                3
   d - Portal Projectile              Translocation                3
   e - Teleport Other                 Translocation                3
   f - Passage of Golubria            Translocation                4
Comestibles
 f - 2 bread rations
 k - a meat ration


   Skills:
 + Level 2.1 Fighting
 - Level 2.0 Short Blades
 - Level 1.0 Throwing
 + Level 1.3 Armour
 - Level 2.5 Dodging
 * Level 4.4 Spellcasting
 + Level 1.3 Charms
 + Level 3.4 Translocations


You couldn't memorise any spells.
You knew the following spells:

 Your Spells              Type           Power        Failure   Level  Hunger
a - Blink                 Tloc           N/A          17%         2    ##.....
b - Shroud of Golubria    Chrm/Tloc      ##........   30%         2    ##.....
c - Portal Projectile     Tloc           ###...       30%         3    ###....
d - Teleport Other        Tloc           ###.....     30%         3    ###....


Dungeon Overview and Level Annotations

Branches:
Dungeon (2/15)

Altars:


Message History

Aiming: Teleport Other
Press: ? - help, Shift-Dir - straight line, f - gnoll
Aim: a gnoll, wielding a spear (chance to defeat MR: 62%)
The gnoll resists with significant effort.
There is an open door here.
You close the door.
You start resting.
Casting: Teleport Other
Confirm with . or Enter, or press ? or * to list all spells.
Space distorts slightly along a thin shroud covering your body.
You barely miss the gnoll. The gnoll hits you with a whip.
You hit the gnoll. You freeze the gnoll.
The gnoll is lightly wounded.
Your shroud bends the gnoll's attack away.
The gnoll barely misses you.
You completely miss the gnoll.
The gnoll is lightly wounded.
Your shroud bends the gnoll's attack away.
The gnoll hits you from afar with a spear!
You die...

.......+.......#
..#
.......###.....#
.+
###....###....####
.#
.........'....'..#
##########....##.#
####....##.#
#.......##.#
#.......##.#
#.......##@#
#....#####g#
#....# #g# #####
#....# #.# ....#
#....# #.#
########## ....#
######
#.#####........###
....#
#....g'........'..
#####
#######........#
#.....†......#


You could see 2 gnolls.

Vanquished Creatures
  2 oozes
  2 leopard geckos (D:1)
  A ball python (D:1)
  4 bats
  6 giant cockroaches
  5 goblins
  5 hobgoblins
  4 jackals
  A quokka (D:2)
  2 frilled lizards (D:1)
  6 kobolds (D:1)
  7 rats
  A plant (D:1)
46 creatures vanquished.

Notes
Turn   | Place    | Note
-------+----------+-------------------------------------------
     0 | D:1      | Dipster the Deep Elf Warper began the quest for the Orb.
     0 | D:1      | Reached XP level 1. HP: 12/12 MP: 6/6
   255 | D:1      | Reached XP level 2. HP: 8/17 MP: 8/8
   259 | D:1      | Learned a level 2 spell: Blink
   262 | D:1      | Learned a level 2 spell: Shroud of Golubria
   444 | D:1      | Reached skill level 1 in Armour
   594 | D:1      | Reached skill level 4 in Spellcasting
   757 | D:1      | Reached XP level 3. HP: 7/21 MP: 7/10
  1172 | D:1      | Learned a level 3 spell: Portal Projectile
  1176 | D:1      | Learned a level 3 spell: Teleport Other
  1209 | D:1      | Reached skill level 1 in Charms
  1805 | D:2      | Slain by a gnoll

Skill      XL: |  1  2  3 |
---------------+----------+-----
Armour         | 1 |  1.3
Spellcasting   | 4 |  4.4
Fighting       | 2 |  2.1
Charms         | 1 |  1.3
Short Blades   | |  2.0
Throwing       | |  1.0
Dodging        | |  2.5
Translocations | |  3.4

Action                   || total
-------------------------++-------
Melee: Short sword       ||   198
       Dagger            ||   157
 Cast: Shroud of Golubri ||    11
       Teleport Other    ||     2
       Portal Projectile ||     1
  Use: Potion            ||     2
  Eat: Chunk             ||     3
Armor: Ring mail         ||   100
Dodge: Dodged            ||   145
